% Time on Ice - EDMONTON ICE
Lines # - Real PCT - Wanted PCT - Time Play
Normal Forward
1 - 38% - 37% - 18:09
2 - 35% - 34% - 16:39
3 - 23% - 23% - 10:50
4 - 4% - 6% - 1:58
Normal Defense
1 - 38% - 37% - 18:12
2 - 36% - 33% - 17:00
3 - 23% - 23% - 10:49
4 - 3% - 7% - 1:35
PP Forward
1 - 46% - 55% - 0:06
2 - 54% - 45% - 0:07
PP Defense
1 - 100% - 55% - 0:13
2 - 0% - 45% - 0:00
PK Forward
1 - 68% - 57% - 6:49
2 - 32% - 43% - 3:12
PK Defense
1 - 39% - 57% - 3:55
2 - 61% - 43% - 6:06
PK3 Forward
1 - 0% - 55%
2 - 0% - 45%
PK3 Defense
1 - 0% - 55%
2 - 0% - 45%
44 Forward
1 - 59% - 55% - 1:06
2 - 41% - 45% - 0:46
44 Defense
1 - 41% - 55% - 0:46
2 - 59% - 45% - 1:06
Last Minute Offensive  - 0:18
Last Minute Defensive  - 0:00
Total
Forward - 60:00
Defense - 60:00
% Time on Ice - LONG BEACH BARACUDAS
Lines # - Real PCT - Wanted PCT - Time Play
Normal Forward
1 - 37% - 40% - 17:46
2 - 31% - 30% - 15:02
3 - 19% - 20% - 8:54
4 - 13% - 10% - 6:12
Normal Defense
1 - 36% - 40% - 17:02
2 - 28% - 30% - 13:35
3 - 28% - 15% - 13:17
4 - 8% - 15% - 4:00
PP Forward
1 - 48% - 51% - 4:47
2 - 52% - 49% - 5:14
PP Defense
1 - 50% - 55% - 5:01
2 - 50% - 45% - 5:00
PK Forward
1 - 100% - 55% - 0:13
2 - 0% - 45% - 0:00
PK Defense
1 - 8% - 55% - 0:01
2 - 92% - 45% - 0:12
PK3 Forward
1 - 0% - 55%
2 - 0% - 45%
PK3 Defense
1 - 0% - 55%
2 - 0% - 45%
44 Forward
1 - 50% - 55% - 0:56
2 - 50% - 45% - 0:56
44 Defense
1 - 50% - 55% - 0:56
2 - 50% - 45% - 0:56
Last Minute Offensive  - 0:00
Last Minute Defensive  - 0:00
Total
Forward - 60:00
Defense - 60:00
Play-by-Play 1st period 0:01 of 1st period - Ryan O'Reilly wins face-off versus Brock Nelson in neutral zone. 1:19 of 1st period - Joel Eriksson Ek is hit by Brandon Montour and loses puck. 1:30 of 1st period - Shot by Joel Eriksson Ek. 1:30 of 1st period - Stopped by Brian Elliott without a rebound. 1:31 of 1st period - Mikko Koivu wins face-off versus Pierre-Edouard Bellemare in LONG BEACH BARACUDAS zone. 1:35 of 1st period - Shot by Boone Jenner. 1:35 of 1st period - Shot Misses the Net. 2:10 of 1st period - Icing by Jordie Benn. 2:11 of 1st period - Joel Eriksson Ek wins face-off versus Pierre-Edouard Bellemare in LONG BEACH BARACUDAS zone. 2:53 of 1st period - Off-side. 2:54 of 1st period - Brock Nelson wins face-off versus Ivan Barbashev in neutral zone. 3:40 of 1st period - Taylor Hall is hit by Jeff Petry and loses puck. 3:42 of 1st period - Minor Penalty to Jeff Petry for Goalie Interference. 3:43 of 1st period - Brock Nelson wins face-off versus Boone Jenner in EDMONTON ICE zone. 3:49 of 1st period - Minor Penalty to Brock Nelson for Roughing. 3:50 of 1st period - Pierre-Edouard Bellemare wins face-off versus Ryan O'Reilly in LONG BEACH BARACUDAS zone. 4:23 of 1st period - Shot by Timo Meier. 4:23 of 1st period - Shot Misses the Net. 5:00 of 1st period - Off-side. 5:01 of 1st period - Mikko Koivu wins face-off versus Mikael Granlund in neutral zone. 5:39 of 1st period - Shot by Jaden Schwartz. 5:39 of 1st period - Shot Misses the Net. 5:41 of 1st period - Shot by Colton Parayko. 5:41 of 1st period - Stopped by Brian Elliott with a rebound. 5:43 of 1st period - Shot by Anthony Mantha. 5:43 of 1st period - Stopped by Brian Elliott without a rebound. 5:44 of 1st period - Derek Stepan wins face-off versus Joel Eriksson Ek in LONG BEACH BARACUDAS zone. 7:00 of 1st period - Icing by Ron Hainsey. 7:01 of 1st period - Ryan O'Reilly wins face-off versus Steven Stamkos in LONG BEACH BARACUDAS zone. 7:18 of 1st period - Shot by Anthony Mantha. 7:18 of 1st period - Stopped by Brian Elliott with a rebound. 7:20 of 1st period - Shot by Ryan O'Reilly. 7:20 of 1st period - Stopped by Brian Elliott with a rebound. 7:22 of 1st period - Shot by Ryan O'Reilly. 7:22 of 1st period - Stopped by Brian Elliott without a rebound. 7:23 of 1st period - Pierre-Edouard Bellemare wins face-off versus Timo Meier in LONG BEACH BARACUDAS zone. 7:56 of 1st period - Shot by Joel Eriksson Ek. 7:56 of 1st period - Goal by Joel Eriksson Ek - EDMONTON ICE : 1 - LONG BEACH BARACUDAS : 0. 7:57 of 1st period - Derek Stepan wins face-off versus Ryan O'Reilly in neutral zone. 8:27 of 1st period - Shot by J.T. Compher. 8:27 of 1st period - Goal by J.T. Compher - EDMONTON ICE : 1 - LONG BEACH BARACUDAS : 1. 8:28 of 1st period - Brock Nelson wins face-off versus Mikko Koivu in neutral zone. 9:14 of 1st period - Off-side. 9:15 of 1st period - Ryan O'Reilly wins face-off versus Derek Stepan in neutral zone. 9:17 of 1st period - Off-side. 9:18 of 1st period - Derek Stepan wins face-off versus Joel Eriksson Ek in neutral zone. 9:41 of 1st period - Shot by Kyle Palmieri. 9:41 of 1st period - Shot Misses the Net. 9:43 of 1st period - Shot by Kyle Palmieri. 9:43 of 1st period - Goal by Kyle Palmieri - EDMONTON ICE : 1 - LONG BEACH BARACUDAS : 2. 9:44 of 1st period - Ryan O'Reilly wins face-off versus Steven Stamkos in neutral zone. 10:16 of 1st period - Shot by Taylor Hall. 10:16 of 1st period - Shot Misses the Net. 11:38 of 1st period - Shot by Ondrej Kase. 11:38 of 1st period - Stopped by Brian Elliott with a rebound. 11:54 of 1st period - Icing by Ondrej Kase. 11:55 of 1st period - Ondrej Kase wins face-off versus Brad Richardson in EDMONTON ICE zone. 11:55 of 1st period - Ondrej Kase is hit by Brad Richardson. 12:25 of 1st period - Off-side. 12:26 of 1st period - Ryan O'Reilly wins face-off versus Pierre-Edouard Bellemare in neutral zone. 12:26 of 1st period - Ryan O'Reilly is hit by Pierre-Edouard Bellemare. 12:44 of 1st period - Shot by Anthony Mantha. 12:44 of 1st period - Deflect By Jaden Schwartz. 12:44 of 1st period - Shot Misses the Net. 12:46 of 1st period - Shot by Anthony Mantha. 12:46 of 1st period - Shot Blocked by Ron Hainsey. 12:48 of 1st period - Shot by Anthony Mantha. 12:48 of 1st period - Goal by Anthony Mantha - EDMONTON ICE : 2 - LONG BEACH BARACUDAS : 2. 12:49 of 1st period - Brock Nelson wins face-off versus Joel Eriksson Ek in neutral zone. 13:04 of 1st period - Shot by Brock Nelson. 13:04 of 1st period - Stopped by Jake Allen without a rebound. 13:05 of 1st period - Pierre-Edouard Bellemare wins face-off versus Ryan O'Reilly in EDMONTON ICE zone. 13:16 of 1st period - Shot by Pierre-Edouard Bellemare. 13:16 of 1st period - Shot Hit the Post. 13:18 of 1st period - Shot by Alex Pietrangelo. 13:18 of 1st period - Shot Misses the Net. 13:20 of 1st period - Shot by Pierre-Edouard Bellemare. 13:20 of 1st period - Stopped by Jake Allen without a rebound. 13:21 of 1st period - Brock Nelson wins face-off versus Joel Eriksson Ek in EDMONTON ICE zone. 13:24 of 1st period - Shot by Taylor Hall. 13:24 of 1st period - Shot Misses the Net. 13:52 of 1st period - Shot by Timo Meier. 13:52 of 1st period - Shot Hit the Post. 14:33 of 1st period - Off-side. 14:34 of 1st period - Mikko Koivu wins face-off versus Pierre-Edouard Bellemare in neutral zone. 15:03 of 1st period - Icing by Ron Hainsey. 15:04 of 1st period - Ryan O'Reilly wins face-off versus Pierre-Edouard Bellemare in LONG BEACH BARACUDAS zone. 15:42 of 1st period - Shot by Anthony Mantha. 15:42 of 1st period - Shot Blocked by Brandon Montour. 16:04 of 1st period - Shot by J.T. Compher. 16:04 of 1st period - Stopped by Jake Allen without a rebound. 16:05 of 1st period - Joel Eriksson Ek wins face-off versus Brock Nelson in EDMONTON ICE zone. 16:42 of 1st period - Steven Stamkos is hit by Patric Hornqvist. 16:45 of 1st period - Off-side. 16:46 of 1st period - Mikko Koivu wins face-off versus J.T. Compher in neutral zone. 16:49 of 1st period - Shot by Shea Theodore. 16:49 of 1st period - Stopped by Brian Elliott without a rebound. 16:50 of 1st period - Mikko Koivu wins face-off versus Loui Eriksson in LONG BEACH BARACUDAS zone. 17:41 of 1st period - Icing by Ondrej Kase. 17:42 of 1st period - Derek Stepan wins face-off versus Mikko Koivu in EDMONTON ICE zone. 17:45 of 1st period - Shot by Kyle Palmieri. 17:45 of 1st period - Stopped by Jake Allen without a rebound. 17:46 of 1st period - Ryan O'Reilly wins face-off versus Derek Stepan in EDMONTON ICE zone. 18:25 of 1st period - Shot by Kyle Palmieri. 18:25 of 1st period - Shot Blocked by Ryan Graves. 18:27 of 1st period - Shot by Derek Stepan. 18:27 of 1st period - Stopped by Jake Allen with a rebound. 19:10 of 1st period - Icing by Ryan Graves. 19:11 of 1st period - Ryan O'Reilly wins face-off versus Pierre-Edouard Bellemare in EDMONTON ICE zone. 19:21 of 1st period - Shot by Reyley Smith. 19:21 of 1st period - Deflect By Mikael Granlund. 19:21 of 1st period - Shot Blocked by Ryan Graves. Goals for this period are 2 for EDMONTON ICE vs 2 for LONG BEACH BARACUDAS. Shots for this period are 10 for EDMONTON ICE vs 7 for LONG BEACH BARACUDAS. 2nd period 0:01 of 2nd period - Brock Nelson wins face-off versus Patric Hornqvist in neutral zone. 0:10 of 2nd period - Shot by Brock Nelson. 0:10 of 2nd period - Stopped by Jake Allen without a rebound. 0:11 of 2nd period - Anthony Mantha wins face-off versus Derek Stepan in EDMONTON ICE zone. 0:42 of 2nd period - Shot by Derek Stepan. 0:42 of 2nd period - Shot Misses the Net. 0:44 of 2nd period - Shot by Kyle Palmieri. 0:44 of 2nd period - Stopped by Jake Allen without a rebound. 0:45 of 2nd period - Joel Eriksson Ek wins face-off versus Brock Nelson in EDMONTON ICE zone. 0:58 of 2nd period - Shot by Steven Stamkos. 0:58 of 2nd period - Stopped by Jake Allen with a rebound. 1:00 of 2nd period - Shot by Michael Del Zotto. 1:00 of 2nd period - Shot Misses the Net. 1:02 of 2nd period - Shot by Steven Stamkos. 1:02 of 2nd period - Shot Misses the Net. 1:06 of 2nd period - Shot by Brock Nelson. 1:06 of 2nd period - Stopped by Jake Allen without a rebound. 1:07 of 2nd period - Brad Richardson wins face-off versus Mikko Koivu in EDMONTON ICE zone. 1:08 of 2nd period - Shot by Loui Eriksson. 1:08 of 2nd period - Shot Misses the Net. 1:23 of 2nd period - Alexandre Texier is hit by Boone Jenner and loses puck. 1:30 of 2nd period - Shot by Mikko Koivu. 1:30 of 2nd period - Shot Misses the Net. 1:41 of 2nd period - Shot by Jeff Petry. 1:41 of 2nd period - Shot Misses the Net. 1:43 of 2nd period - Shot by Ryan Graves. 1:43 of 2nd period - Shot Blocked by Ron Hainsey. 1:45 of 2nd period - Shot by Boone Jenner. 1:45 of 2nd period - Stopped by Brian Elliott with a rebound. 1:53 of 2nd period - Shot by Boone Jenner. 1:53 of 2nd period - Stopped by Brian Elliott without a rebound. 1:54 of 2nd period - Joel Eriksson Ek wins face-off versus Brock Nelson in LONG BEACH BARACUDAS zone. 2:03 of 2nd period - Shot by Patric Hornqvist. 2:03 of 2nd period - Stopped by Brian Elliott with a rebound. 2:39 of 2nd period - Shot by Steven Stamkos. 2:39 of 2nd period - Goal by Steven Stamkos - EDMONTON ICE : 2 - LONG BEACH BARACUDAS : 3. 2:40 of 2nd period - Ryan O'Reilly wins face-off versus Kyle Palmieri in neutral zone. 2:47 of 2nd period - Shot by Anthony Mantha. 2:47 of 2nd period - Stopped by Brian Elliott without a rebound. 2:48 of 2nd period - Ryan O'Reilly wins face-off versus Kyle Palmieri in LONG BEACH BARACUDAS zone. 2:55 of 2nd period - Shot by Ryan O'Reilly. 2:55 of 2nd period - Shot Blocked by Alex Pietrangelo. 2:57 of 2nd period - Shot by Ryan O'Reilly. 2:57 of 2nd period - Deflect By Anthony Mantha. 2:57 of 2nd period - Stopped by Brian Elliott with a rebound. 2:59 of 2nd period - Shot by Anthony Mantha. 2:59 of 2nd period - Shot Misses the Net. 3:01 of 2nd period - Shot by An